cohdb
Replays
Latest Replays
All Replays
Popular Replays
Top Player Replays
Match Explorer
How It Works
Community
CoH3 Stats
Reddit
Sign in to upload your games and track your stats! →
Sign in with Steam
Double humber light refit
Match 15466827
Overview
Messages
Build Orders
End
Panzergrenadier Squad
Selects Armored Support Battlegroup
Kradschützen Motorcycle Team
Panzergrenadier Squad
Construct Light Support Kompanie
Panzergrenadier Squad
Construct Light Support Kompanie
Fire Support Elements
Panzerjäger Mechanized Group
Flakvierling Half-track
Vehicle Survival Package
Selects Veteran Gunners
Tungsten Core Ammunition
Flakvierling Half-track
Panzerjäger Mechanized Group
Selects Flammpanzer III Medium Tank Sd.Kfz. 141
Construct Panzerarmee Kommand
Pak 38 Anti-tank Gun Team
Selects Vehicle Awareness
2.5-tonne Medical Truck
Selects Panzer Storm
Pak 38 Anti-tank Gun Team
Selects Stuka Anti-tank Loiter
國籍暫時是日本的DD響
atank
0
0
Comments
sign in to comment!
No comments posted yet!